 Dungeon Crawl Stone Soup version 0.29.1-12-g30fa7ad0bf (webtiles) character file.

Game seed: 18027808416855589831

24 Peloso the Trooper (level 2, 0/27 HPs)
             Began as a Minotaur Fighter on Dec 26, 2022.
             Succumbed to an adder's poison
             ... on level 2 of the Dungeon.
             The game lasted 00:01:31 (1393 turns).

Peloso the Trooper (Minotaur Fighter)               Turns: 1393, Time: 00:01:32

Health: 0/27       AC:  7    Str: 18 (20) XL:     2   Next: 79%
Magic:  1/1        EV:  9    Int:  2 (5)  God:
Gold:   97         SH:  4    Dex:  7 (9)  Spells: 1/1 levels left

rFire   . . .      SeeInvis .   a - +0 long sword
rCold   . . .      Faith    .   c - +0 buckler
rNeg    . . .      Spirit   .   b - +0 scale mail
rPois   .          Reflect  .   (helmet restricted)
rElec   .          Harm     .   (no cloak)
rCorr   .          Rampage  .   (no gloves)
Will    .....                   (no boots)
Stlth   ..........              (no amulet)
HPRegen 0.09/turn               (no ring)
MPRegen 0.07/turn               (no ring)

@: lethally poisoned (0 -> -7)
A: horns 2, retaliatory headbutt
a: no special abilities


You were on level 2 of the Dungeon.
You visited 1 branch of the dungeon, and saw 2 of its levels.

You collected 97 gold pieces.

Inventory:

Hand Weapons
 a - a +0 long sword (weapon)
Armour
 b - a +0 scale mail (worn)
 c - a +0 buckler (worn)
Scrolls
 e - a scroll of enchant weapon {unknown}
Potions
 d - a potion of might
 f - a potion of heal wounds {unknown}
 g - a potion of curing
 h - a potion of attraction {unknown}


   Skills:
 + Level 4.0 Fighting
 + Level 2.8 Long Blades
 + Level 4.0 Armour
 + Level 4.0 Shields


You had one spell level left.
You didn't know any spells.
Your spell library contained the following spells:

 Spells                   Type           Power      Damage    Failure   Level
 Scorch                   Fire           0%         2d5       98%         2
 Spider Form              Tmut/Pois      0%         N/A       100%        3
 Fireball                 Conj/Fire      0%         3d3       100%        5
 Ignition                 Fire           0%         3d3       100%        8


Dungeon Overview and Level Annotations

Branches:
Dungeon (2/15)

Altars:


Innate Abilities, Weirdness & Mutations

You have a pair of horns on your head.
You reflexively headbutt those who attack you in melee.


Message History

The jelly jiggles.
The adder closely misses you.
You barely miss the adder. The adder bites you.
The adder bites you but does no damage.
You barely miss the adder. The adder barely misses you.
You closely miss the adder.
You headbutt the adder, but do no damage.
The adder barely misses you. The adder bites you but does no damage.
You barely miss the adder.
The adder bites you but does no damage. x2
You barely miss the adder. Your headbutt misses the adder.
The adder bites you but does no damage. x2
You hit the adder.
The adder is moderately wounded.
The adder bites you but does no damage.
You completely miss the adder. Your headbutt misses the adder.
The adder is moderately wounded.
The adder barely misses you. The adder bites you but does no damage.
You hit the adder.
The adder is heavily wounded.
You block the adder's attack. The adder barely misses you.
You barely miss the adder. Your headbutt misses the adder.
The adder is heavily wounded.
The adder bites you.
You are poisoned.
The adder poisons you!
The jelly jiggles.
You hit the adder but do no damage. Your headbutt misses the adder.
The adder is heavily wounded.
You feel sick. The adder bites you but does no damage. The adder bites you.
* * * LOW HITPOINT WARNING * * *
You are lethally poisoned!
The adder poisons you!
You barely miss the adder. Your headbutt misses the adder.
The adder is heavily wounded.
* * * LOW HITPOINT WARNING * * *
You feel very sick. You block the adder's attack.
The adder bites you but does no damage.
You closely miss the adder.
The adder is heavily wounded.
You die...

#######################
#####.......#..@SJ........#
#.............#####.......####
##.###.........................
.......).............##..#....
....##........######.##..# ###
....##.......## ..##..#
###.##.......# .#.##..# #
#.###.###### #.#.##..# # #.#
#.# # #.##..#


You could see a jelly and an adder.

Vanquished Creatures
  3 dart slugs
  A bat (D:1)
  4 endoplasms
  2 hobgoblins (D:1)
  2 jackals (D:1)
  A kobold (D:1)
  A frilled lizard (D:1)
  A goblin (D:2)
  A rat (D:1)
16 creatures vanquished.

Notes
Turn   | Place    | Note
-------+----------+-------------------------------------------
     0 | D:1      | Peloso the Minotaur Fighter began the quest for the Orb.
     0 | D:1      | Reached XP level 1. HP: 19/19 MP: 0/0
   262 | D:1      | Reached XP level 2. HP: 21/27 MP: 1/1
  1188 | D:2      | Got the Compilation of Flamy Vitiation
  1393 | D:2      | Succumbed to an adder's poison

Illustrated notes

Levels and vault maps discovered:
D:1:      dpeg_arrival_castle, layout_basic
D:2:      layout_loops_ring

Skill      XL: |  1  2 |
---------------+-------+-----
Fighting       | 4 |  4.0
Armour         | 4 |  4.0
Shields        | 4 |  4.0
Long Blades    | |  2.8

Action                   || total
-------------------------++-------
Melee: Long sword        ||    46
       Headbutt          ||     7
  Use: Scroll            ||     3
       Potion            ||     3
Armor: Scale mail        ||    27
Dodge: Dodged            ||    25
Block: Buckler           ||    12
